 Dungeon Sprint DCSS version 0.26-a0-1033-gd598b01645 (webtiles) character file.

Game seed: 14440195253582174806

487 mhtbhm the Quickloader (level 7, -5/46 (48) HPs)
             Began as a Kobold Hunter on Dec 10, 2020.
             Was an Initiate of Okawaru.
             Killed from afar by a deep elf mage (30 damage)
             ... with a lance of force
             ... in the Dungeon (Sprint III: "The Ten Rune Challenge").
             The game lasted 00:03:01 (966 turns).

mhtbhm the Quickloader (Kobold Hunter)               Turns: 966, Time: 00:03:01

HP:   -5/46 (48)    AC:  4    Str: 11    XL:     7   Next: 36%
MP:   7/7           EV: 17    Int: 12    God:    Okawaru [......]
Gold: 50            SH:  0    Dex: 16    Spells: 6/6 levels left

rFire    . . .     SeeInvis .   b - +0 short sword
rCold    . . .     Faith    .   (shield restricted)
rNeg     . . .     Spirit   .   c - +0 leather armour
rPois    .         Reflect  .   (no helmet)
rElec    .         Harm     .   (no cloak)
rCorr    .         Rampage  .   (no gloves)
Will     +....     NoTele   +   (no boots)
Stlth    +++.......             (no amulet)
HPRegen  0.15/turn              (no ring)
MPRegen  0.10/turn              (no ring)

@: no status effects
A: small, hooves 1, strong-willed 1, nightstalker 3, shaggy fur 1
a: Renounce Religion


You were in the Dungeon.
You worshipped Okawaru.
Okawaru was noncommittal.
You visited 1 branch You collected 50 gold pieces.

Inventory:

Hand Weapons
 a - a +1 hand crossbow
 b - a +0 short sword (weapon)
Armour
 c - a +0 leather armour (worn)
Scrolls
 j - a scroll of blinking
 l - a scroll of immolation {unknown}
 m - a scroll of random uselessness {unknown}
 n - 3 scrolls of remove curse
 p - a scroll of torment {unknown}
 q - a scroll of identify {unknown}
Potions
 e - a potion of curing
 f - a potion of heal wounds
 h - 2 potions of magic
 i - a potion of berserk rage
 k - 2 potions of mutation
 o - 2 potions of flight {unknown}


   Skills:
 + Level 7.1 Fighting
 + Level 1.2 Short Blades
 + Level 14.2 Crossbows
 + Level 3.5 Armour
 + Level 4.8 Dodging
 + Level 3.3 Stealth


You had 6 spell levels left.
You didn't know any spells.
Your spell library was empty.

Dungeon Overview and Level Annotations

Branches:
Dungeon (1/1)

Altars:
Dithmenos
Elyvilon
Okawaru
Ru
Trog
Uskayaw
Wu Jian
Yredelemnul
Zin
The Shining One
Beogh


Innate Abilities, Weirdness & Mutations

You are small and have problems with some larger weapons.
You are completely attuned to the shadows.
You have large cloven feet.
You are strong-willed. (Will+)
You are covered in fur. (AC +1)


Message History

You do not have any ammo quivered for your +1 hand crossbow You do not have any ammo quivered for your +1 hand crossbow You do not have any ammo quivered for your +1 hand crossbow You do not have any ammo quivered for your +1 hand crossbow You do not have any ammo quivered for your +1 hand crossbow You do not have any ammo quivered for your +1 hand crossbow You do not have any ammo quivered for your +1 hand crossbow You do not have any ammo quivered for your +1 hand crossbow You do not have any ammo quivered for your +1 hand crossbow You do not have any ammo quivered for your +1 hand crossbow You do not have any ammo quivered for your +1 hand crossbow You do not have any ammo quivered for your +1 hand crossbow Unknown command.
b - a +0 short sword (weapon)
You hit the deep elf mage.
The deep elf mage is almost dead.
The deep elf mage points at you and mumbles some strange words.
The lance of force hits you!!
Ouch! That really hurt!
You die...

▓▓▓ ..#### ############
.....#####..#___#___#__#
......#..#..#!(.#__)#._#
.##...#..#..###e#'###)##
.###..##'#..#..*@......#
#.##..###...'.⌠........#
.##..####...#...######+#
.##..###....#.⌠.#
##...##.....#...#
#....#......#+###
#..##.#.....#
#..#####....# ▓▓▓▓
▓▓▓▓▓▓


You could see a deep elf mage and a battlesphere.

Vanquished Creatures
  A necrophage (D)
  A water elemental (D)
  A necromancer (D)
  3 humans (D)
  2 oozes (D)
  A phantom (D)
  2 rats (D)
11 creatures vanquished.

Notes
Turn   | Place    | Note
-------+----------+-------------------------------------------
     0 | D        | mhtbhm the Kobold Hunter began the quest for the Orb.
     0 | D        | Reached XP level 1. HP: 12/12 MP: 1/1
    12 | D        | Reached skill level 6 in Crossbows
    80 | D        | Reached XP level 2. HP: 16/18 MP: 2/2
   148 | D        | Reached skill level 7 in Crossbows
   273 | D        | Reached skill level 8 in Crossbows
   273 | D        | Reached XP level 3. HP: 15/22 MP: 3/3
   378 | D        | Gained mutation: You evolve. [potion of mutation]
   378 | D        | Gained mutation: You are clumsy. (Dex -2) [potion of
                  | mutation]
   378 | D        | Gained mutation: You have large cloven feet. [potion of
                  | mutation]
   378 | D        | Gained mutation: You have an increased reservoir of magic.
                  | (+10% MP) [potion of mutation]
   379 | D        | Lost mutation: You evolve. [potion of mutation]
   379 | D        | Lost mutation: You have an increased reservoir of magic.
                  | (+10% MP) [potion of mutation]
   379 | D        | Lost mutation: You are clumsy. (Dex -2) [potion of
                  | mutation]
   379 | D        | Gained mutation: You are covered in fur. (AC +1) [potion of
                  | mutation]
   379 | D        | Gained mutation: You are strong-willed. (Will+) [potion of
                  | mutation]
   386 | D        | Noticed a water elemental
   390 | D        | Killed a water elemental
   391 | D        | Reached skill level 10 in Crossbows
   391 | D        | Reached skill level 1 in Armour
   391 | D        | Reached XP level 4. HP: 29/29 MP: 4/4
   408 | D        | Found a hide-covered altar of Uskayaw.
   408 | D        | Found a roughly hewn altar of Beogh.
   408 | D        | Found an iron altar of Okawaru.
   408 | D        | Found a bloodstained altar of Trog.
   408 | D        | Found an ornate altar of the Wu Jian Council.
   408 | D        | Noticed a human
   408 | D        | Noticed a human
   421 | D        | Killed a human
   422 | D        | Reached skill level 5 in Fighting
   422 | D        | Reached skill level 12 in Crossbows
   422 | D        | Reached XP level 5. HP: 17/35 MP: 5/5
   422 | D        | Reached XP level 6. HP: 19/40 MP: 6/6
   628 | D        | Killed a human
   629 | D        | Reached skill level 13 in Crossbows
   629 | D        | Reached XP level 7. HP: 31/47 MP: 7/7
   678 | D        | Became a worshipper of Warmaster Okawaru
   748 | D        | Found a basalt altar of Yredelemnul.
   748 | D        | Found a shadowy altar of Dithmenos.
   748 | D        | Found a sacrificial altar of Ru.
   771 | D        | Reached skill level 1 in Short Blades
   771 | D        | Reached skill level 14 in Crossbows
   953 | D        | Found a glowing silver altar of Zin.
   953 | D        | Found a glowing golden altar of the Shining One.
   953 | D        | Found a white marble altar of Elyvilon.
   953 | D        | Noticed a deep elf mage
   966 | D        | Killed from afar by a deep elf mage

Illustrated notes

Levels and vault maps discovered:
D:        dungeon_sprint_mu [sprint_mu_entry_cave, sprint_mu_temple_rooms,
          sprint_mu_d1_horrors, sprint_mu_d2_genie, sprint_mu_d3_branching,
          sprint_mu_orc_legion, sprint_mu_elf_gauntlet, sprint_mu_hive_nellie,
          sprint_mu_lair_fedhas, sprint_mu_vaults_butterflies,
          sprint_mu_slime_circle, sprint_mu_shoals_kraken,
          sprint_mu_snake_twists, sprint_mu_blade_basic, sprint_mu_crypt_lich,
          sprint_mu_tomb_spiral, sprint_mu_vestibule_basic,
          sprint_mu_gehenna_hellfire, sprint_mu_dis_giant,
          sprint_mu_tartarus_statrot, sprint_mu_cocytus_islands, sprint_mu_zot1]

Skill      XL: |  1  2  3  4  5  6  7 |
---------------+----------------------+-----
Crossbows      | 6 8 10 12 13 14 | 14.2
Stealth        | 2 3 |  3.3
Fighting       | 3 5 6 7 |  7.1
Armour         | 1 2 3 |  3.5
Dodging        | 3 4 |  4.8
Short Blades   | 1 |  1.2

Action                   |  1- 3 |  4- 6 |  7- 9 || total
-------------------------+-------+-------+-------++-------
Melee: Short sword       |       |       |    31 ||    31
       Kick              |       |       |    10 ||    10
 Fire: Hand crossbow     |    37 |    25 |    11 ||    73
  Use: Potion            |     2 |     1 |       ||     3
Armor: Leather armour    |       |       |     2 ||     2
Dodge: Dodged            |    14 |     7 |    25 ||    46

Table legend: (Time is in decaauts)
 A = Elapsed time spent in this place.
 B = Non-inter-level travel time spent in this place.
 C = Inter-level travel time spent in this place.
 D = Time resting spent in this place.
 E = Time spent auto-exploring this place.
 F = Levels seen in this place.
 G = Mean time per level.
                   A        B        C        D        E       F      G
               +--------+--------+--------+--------+--------+-----+--------+
         Total |    953 |    931 |     22 |    614 |      5 |   1 |  953.0 |
       Dungeon |    953 |    931 |     22 |    614 |      5 |   1 |  953.0 |
               +--------+--------+--------+--------+--------+-----+--------+

Top non-repeatable levels by time:
       D: 953 daAuts
